cohdb
Replays
Latest Replays
All Replays
Popular Replays
Top Player Replays
Match Explorer
How It Works
Community
CoH3 Stats
Reddit
Sign in to upload your games and track your stats! →
Sign in with Steam
Match 42381806
Unlisted
Match 42381806
Overview
Messages
Build Orders
End
Scout Squad
Construct Weapon Support Center
Selects Heavy Weapons
M1919 Machine Gun Team
Bazooka Squad
M1919 Machine Gun Team
Scout Squad
Air Support Center
Construct Medical Station
Selects M2HB .50cal Heavy Machine Gun
Grasshopper Recon Run
M3 Armored Personnel Carrier
Bazooka Squad
Construct Motor Pool
Engineer Squad
P-47 Strafing Run
M24 Chaffee Light Tank
Grasshopper Recon Run
M24 Chaffee Light Tank
P-47 Strafing Run
P-47 Dive Bomb
Grasshopper Recon Run
Selects Assault Carriers
Selects Exchangeable Parts
Engineer Squad
M24 Chaffee Light Tank
Scout Squad
Double Sortie
Grasshopper Recon Run
P-47 Dive Bomb
M24 Chaffee Light Tank
P-47 Strafing Run
Scout Squad
Grasshopper Recon Run
M24 Chaffee Light Tank
P-47 Dive Bomb
M24 Chaffee Light Tank
Grasshopper Recon Run
The Window
Mad
Dark Angels
킴스
水银灯
Gambison
Lord Curzon
mayomeyo
0
0
Comments
sign in to comment!
No comments posted yet!